 Dungeon Crawl Stone Soup version 0.31.0-32-g396128a36d (webtiles) character file.

Game seed: 9438694695345906886

30158 bearlyready the Executioner (level 13, -6/166 HPs)
             Began as a Hill Orc Berserker on Mar 31, 2024.
             Was a High Priest of Trog.
             Killed from afar by a rime drake (16 damage)
             ... with an icy flash freeze
             ... on level 3 of the Lair of Beasts.
             The game lasted 00:23:50 (17404 turns).

bearlyready the Executioner (Hill Orc Berserker)   Turns: 17404, Time: 00:23:51

Health: -6/166     AC: 13    Str: 25    XL:     13   Next: 49%
Magic:  4/4        EV: 12    Int:  9    God:    Trog [*****.]
Gold:   1212       SH:  0    Dex: 10    Spells: 12/12 levels left

rFire   . . .        l - +3 executioner's axe of Springtime {antimagic, rElec Int+2}
rCold   + . .        (shield currently unavailable)
rNeg    + . .        T - +2 ring mail {rC+}
rPois   .            v - +0 helmet
rElec   +            y - +0 cloak
rCorr   .            L - +0 pair of gloves
SInv    .            O - +0 pair of boots
Will    +....        (no amulet) Stlth
                     D - ring of willpower
HPRegen 0.47/turn    M - ring of positive energy
MPRegen 0.09/turn

%: no passive effects
@: berserking (expiring), lethally poisoned (-6 -> -22), very quick
A: no striking features
a: Renounce Religion, Berserk, Trog's Hand, Brothers in Arms


You were on level 3 of the Lair of Beasts.
You worshipped Trog.
Trog was extremely pleased with you.
You visited 3 branches of the dungeon, and saw 16 of its levels.

You collected 1212 gold pieces.

Inventory:

Hand Weapons
 l - the +3 executioner's axe of Springtime (weapon) {antimagic, rElec Int+2}
   (You found it on level 3 of the Dungeon)

   Int+2:     It affects your intelligence (+2).
   rElec:     It insulates you from electricity.
Missiles
 b - 7 throwing nets
 t - 2 boomerangs (quivered)
 u - 15 poisoned darts
 x - 3 datura-tipped darts
 F - 5 darts of dispersal
 K - 2 javelins
 U - 5 curare-tipped darts
Armour
 v - a +0 helmet (worn)
 w - +0 steam dragon scales
 y - a +0 cloak (worn)
 L - a +0 pair of gloves (worn)
 O - a +0 pair of boots (worn)
 R - a +2 robe of fire resistance
 T - a +2 ring mail of cold resistance (worn)
Jewellery
 D - a ring of willpower (left hand)
 M - a ring of positive energy (right hand)
Wands
 m - a wand of mindburst (21)
 z - a wand of paralysis (27)
 A - a wand of flame (45)
 C - a wand of roots (11)
 J - a wand of digging (8)
 S - a wand of polymorph (3)
 Y - a wand of quicksilver (2)
Scrolls
 a - a scroll of enchant weapon {unknown}
 d - 2 scrolls of poison
 e - a scroll of brand weapon {unknown}
 h - 8 scrolls of teleportation
 i - a scroll of fog
 k - 4 scrolls of silence
 n - a scroll of torment
 q - 2 scrolls of amnesia
 s - 3 scrolls of enchant armour
 B - 2 scrolls of fear {unknown}
 G - 2 scrolls of revelation {unknown}
 N - a scroll of summoning {unknown}
 Q - 4 scrolls of noise {unknown}
 V - a scroll of immolation {unknown}
Potions
 c - 2 potions of ambrosia {unknown}
 f - 2 potions of mutation
 g - 3 potions of brilliance
 j - 2 potions of invisibility {unknown}
 o - 3 potions of heal wounds {unknown}
 p - 3 potions of curing
 r - 4 potions of might
 E - 3 potions of enlightenment {unknown}
 H - 3 potions of haste {unknown}
 I - 5 potions of berserk rage {unknown}
 P - 3 potions of degeneration {unknown}
 W - a potion of magic {unknown}
 X - 2 potions of lignification {unknown}
 Z - a potion of resistance {unknown}


   Skills:
 + Level 9.0 Fighting
 + Level 21.6 Axes
 - Level 6.0 Throwing
 + Level 5.2 Armour
 + Level 3.9 Dodging
 + Level 9.8 Evocations


You had 12 spell levels left.
You didn't know any spells.
Your spell library was empty.

Dungeon Overview and Level Annotations

Branches:
Dungeon (12/15)            Temple (0/1) D:5            Lair (3/5) D:11
  Swamp (0/4) Lair:2        Snake (0/4) Lair:2          Orc (1/2) D:12

Altars:
Cheibriados
Fedhas
Kikubaaqudgha
Okawaru
Uskayaw
Zin

Shops:
D:3 =   D:11 [

Annotations:
Orc:1 Maurice


Message History

A rime drake comes into view.
You see here a yak corpse.
You miss the black mamba.
The black mamba is severely wounded.
* * * LOW HITPOINT WARNING * * *
You feel very sick. The black mamba completely misses you.
You miss the black mamba.
The black mamba is severely wounded.
* * * LOW HITPOINT WARNING * * *
You feel very sick.
The black mamba bites you but does no damage.
You closely miss the black mamba.
The black mamba is severely wounded.
* * * LOW HITPOINT WARNING * * *
You feel very sick. The black mamba completely misses you.
You barely miss the black mamba.
The black mamba is severely wounded.
* * * LOW HITPOINT WARNING * * *
You feel very sick. The black mamba closely misses you.
You miss the black mamba.
The black mamba is severely wounded.
You closely miss the yak.
* * * LOW HITPOINT WARNING * * *
You feel very sick.
You barely miss the yak. You closely miss the black mamba.
* * * LOW HITPOINT WARNING * * *
You feel very sick. The black mamba barely misses you.
You slice the yak!!
The yak is heavily wounded.
You hit the black mamba.
* * * LOW HITPOINT WARNING * * *
You feel very sick.
The black mamba bites you but does no damage.
The rime drake breathes ice at you. The icy flash freeze hits you!
You partially resist.
You die...

.........#.#.#.#.#.#..........#.#
...#........................>.###
..##.....#.#.#.#.#.#..........##
..#.#.........................P#
..###P.#.#.#.#.#.#.#...........#
..####............##P..†.†....#.#
†..##....#........##...†.......##
................S.###.........##
..............YY@....<........#
..#.##.............##.........#
..####....#####....##..........#
... #...## #....##.........##
.........# ##k.............# ..
....... .......<........
......#.# #...#..........
.#....P.# ....#.........


You could see a black mamba, 2 yaks and a rime drake (catching breath).

Vanquished Creatures
  Josephine (D:10)
  Harold (D:10)
  A hydra (Lair:2)
  2 boulder beetles
  2 two-headed ogres (D:9)
  Sonja (D:12)
  Lodul (D:12)
  An ugly thing (D:12)
  A manticore (D:12)
  Joseph (D:10)
  A meliai (D:9)
  4 elephants (Lair:1)
  2 black mambas
  2 gargoyles
  6 cane toads
  Maggie (D:8)
  A kobold demonologist (D:10)
  3 komodo dragons
  A tyrant leech (Lair:2)
  2 trolls
  Prince Ribbit (D:5)
  7 blink frogs (Lair:1)
  Grinder (D:3)
  20 yaks
  6 wraiths (D:10)
  4 slime creatures
  A vampire (D:9)
  A shadow (D:11)
  4 wyverns
  2 basilisks (D:11)
  2 steam dragons
  13 vampire mosquitoes
  An acid dragon (D:12)
  Duvessa (D:5)
  16 water moccasins
  2 swamp worms (Lair:2)
  3 orc warriors
  2 ice beasts
  A sky beast (shapeshifter) (D:12)
  2 sky beasts (D:7)
  2 black bears
  12 ogres
  A centaur (D:11)
  6 wolves
  A phantom (D:5)
  3 kobold brigands
  5 bullfrogs
  4 gnoll sergeants
  8 wights
  5 killer bees (D:10)
  Dowan (D:5)
  8 howler monkeys
  3 bombardier beetles
  7 jellies
  Crazy Yiuf (D:4)
  5 orc priests
  5 iguanas
  Ijyb (D:3)
  Jessica (D:3)
  Natasha (thrice) (D:4)
  10 orc wizards
  15 gnolls
  3 adders
  2 white imps (D:6)
  The ghost of flammie80 the Trooper, a weakling FoMo of Gozag (D:4)
  2 dart slugs
  39 orcs
  5 ball pythons
  18 endoplasms
  5 giant cockroaches
  8 goblins
  3 hobgoblins
  8 jackals
  14 kobolds
  2 quokkas
  4 frilled lizards
  5 rats
351 creatures vanquished.

Vanquished Creatures (collateral kills)
  A hydra (Lair:2)
1 creature vanquished.

Grand Total: 352 creatures vanquished

Notes
Turn   | Place    | Note
-------+----------+-------------------------------------------
     0 | D:1      | bearlyready the Hill Orc Berserker began the quest for the
                  | Orb.
     0 | D:1      | Reached XP level 1. HP: 19/19 MP: 1/1
   224 | D:1      | Reached XP level 2. HP: 26/26 MP: 2/2
   492 | D:1      | Reached skill level 5 in Axes
   824 | D:2      | Reached XP level 3. HP: 22/31 MP: 3/3
  1706 | D:3      | Noticed Jessica
  1726 | D:3      | Reached ** piety under Trog
  1728 | D:3      | Reached skill level 6 in Axes
  1728 | D:3      | Reached XP level 4. HP: 35/39 MP: 4/4
  1735 | D:3      | Found Koiviose's Jewellery Boutique.
  1774 | D:3      | Killed Jessica
  1775 | D:3      | Reached skill level 7 in Axes
  1808 | D:3      | Identified the +3 executioner's axe of Springtime
                  | {antimagic, rElec Int+2}
  1812 | D:3      | Noticed Grinder
  1817 | D:3      | Noticed Ijyb
  1826 | D:3      | Killed Grinder
  1827 | D:3      | Reached skill level 9 in Axes
  1827 | D:3      | Reached XP level 5. HP: 33/45 MP: 1/5
  1827 | D:3      | Reached XP level 6. HP: 37/51 MP: 2/6
  1828 | D:3      | Killed Ijyb
  2042 | D:3      | Found a blossoming altar of Fedhas.
  2259 | D:3      | Identified the -2 kite shield "Bosydwul" {Will+}
  2494 | D:4      | Noticed Natasha
  2500 | D:4      | Killed Natasha
  2648 | D:4      | Found a runed translucent door.
  2665 | D:4      | Noticed Natasha
  2670 | D:4      | Killed Natasha
  2826 | D:4      | Found a runed translucent door.
  2827 | D:4      | Noticed Crazy Yiuf
  2917 | D:4      | Reached skill level 10 in Axes
  2917 | D:4      | Reached XP level 7. HP: 57/57 MP: 2/7
  2937 | D:4      | Noticed flammie80's ghost (weakling FoMo)
  3036 | D:4      | Noticed Natasha
  3042 | D:4      | Killed Natasha
  3554 | D:4      | Killed flammie80's ghost
  3617 | D:4      | Killed Crazy Yiuf
  3641 | D:5      | Entered Level 5 of the Dungeon
  3644 | D:5      | Noticed Prince Ribbit
  3654 | D:5      | Reached skill level 11 in Axes
  3656 | D:5      | Killed Prince Ribbit
  3842 | D:5      | Reached skill level 12 in Axes
  3842 | D:5      | Reached XP level 8. HP: 64/64 MP: 2/8
  4095 | D:5      | Reached skill level 13 in Axes
  4198 | D:5      | Found a staircase to the Ecumenical Temple.
  4622 | D:5      | Reached *** piety under Trog
  4639 | D:5      | Noticed Duvessa
  4639 | D:5      | Noticed Dowan
  4645 | D:5      | Killed Duvessa
  4646 | D:5      | Reached skill level 1 in Evocations
  4651 | D:5      | Killed Dowan
  4652 | D:5      | Reached skill level 14 in Axes
  5054 | D:6      | Reached XP level 9. HP: 37/70 MP: 3/9
  6194 | D:7      | Reached skill level 15 in Axes
  6330 | D:7      | Reached skill level 5 in Evocations
  6922 | D:8      | Identified the +7 dagger of the Riding Viper {drain, Str+3
                  | Int+2}
  7054 | D:8      | Noticed Maggie
  7064 | D:8      | Killed Maggie
  7065 | D:8      | Reached XP level 10. HP: 77/77 MP: 3/10
  7125 | D:8      | Reached **** piety under Trog
  7159 | D:8      | Reached skill level 16 in Axes
  7608 | D:8      | Found an iron altar of Okawaru.
  7616 | D:8      | Found a glowing silver altar of Zin.
  7931 | D:9      | Noticed a two-headed ogre
  7941 | D:9      | Killed a two-headed ogre
  8239 | D:9      | Reached skill level 17 in Axes
  8377 | D:9      | Noticed a two-headed ogre
  8462 | D:9      | Killed a two-headed ogre
  8780 | D:9      | Noticed a meliai
  8786 | D:9      | Killed a meliai
  8787 | D:9      | Reached skill level 5 in Throwing
  8787 | D:9      | Reached XP level 11. HP: 61/82 MP: 3/11
  9414 | D:10     | Entered Level 10 of the Dungeon
  9563 | D:10     | Noticed Josephine
  9579 | D:10     | Reached skill level 18 in Axes
  9592 | D:10     | Killed Josephine
  9916 | D:10     | Noticed Joseph
  9949 | D:10     | Killed Joseph
 10093 | D:10     | Noticed Harold
 10104 | D:10     | Killed Harold
 10256 | D:10     | Reached skill level 19 in Axes
 10474 | D:10     | Found a snail-covered altar of Cheibriados.
 10476 | D:10     | Found an ancient bone altar of Kikubaaqudgha.
 10589 | D:10     | Found a hide-covered altar of Uskayaw.
 11405 | D:11     | Reached ***** piety under Trog
 11406 | D:11     | Reached skill level 20 in Axes
 11473 | D:11     | Found a staircase to the Lair.
 11498 | D:11     | Found Xenwoos's Armour Shoppe.
 11894 | D:12     | Noticed Sonja
 11902 | D:12     | Killed Sonja
 11903 | D:12     | Reached XP level 12. HP: 25/92 MP: 4/12
 11904 | D:12     | HP: 2/92 [poisoned by Sonja]
 12181 | D:12     | Identified the +0 helmet "Feit" {Str-3 Dex+6}
 12383 | D:12     | Reached skill level 5 in Fighting
 12415 | D:12     | Noticed a boulder beetle
 12427 | D:12     | Killed a boulder beetle
 12787 | D:12     | Found a staircase to the Orcish Mines.
 12982 | D:12     | Noticed Lodul
 13024 | D:12     | Killed Lodul
 14180 | Orc:1    | Entered Level 1 of the Orcish Mines
 14180 | Orc:1    | Noticed a two-headed ogre
 14184 | Orc:1    | Noticed Maurice
 14223 | Lair:1   | Entered Level 1 of the Lair of Beasts
 14281 | Lair:1   | Reached skill level 21 in Axes
 15442 | Lair:1   | Reached XP level 13. HP: 99/107 MP: 4/13
 16004 | Lair:2   | Found a staircase to the Snake Pit.
 16827 | Lair:2   | Found a staircase to the Swamp.
 17091 | Lair:2   | Reached skill level 5 in Armour
 17404 | Lair:3   | Killed from afar by a rime drake

Illustrated notes

Levels and vault maps discovered:
D:1:      minmay_arrival_solitary_statue, layout_loops_ring
D:2:      layout_basic
D:3:      layout_rooms, mainiacjoe_overflow_paths, serial_shops, shop,
          minmay_puff, uniq_grinder, uniq_ijyb, uniq_jessica
D:4:      layout_basic, hellmonk_ghost_happy_afterlife, uniq_crazy_yiuf_cottage,
          uniq_natasha
D:5:      layout_loops_ring, minmay_temple_entry_sparse_star,
          uniq_prince_ribbit1, uniq_duvessa
D:6:      layout_basic
D:7:      layout_rooms
D:8:      layout_loops_ring, amethyst_overflow_temple_binary,
          grunt_ministairs_15, hangedman_glass_teeth, lightli_orcish_oven,
          uniq_maggie
D:9:      kennysheep_spiral_hall, layout_long_grid
D:10:     layout_irregular_city, grunt_temple_overflow_open, uniq_joseph,
          uniq_harold, uniq_josephine
D:11:     layout_cave_pools, david_lair_generic, serial_shops, shop
D:12:     layout_roguey, orc_0_dummy, uniq_sonja, uniq_lodul
Lair:1:   layout_chaotic_city, serial_forest, infiniplex_forest_lined_corner,
          infiniplex_forest_end_3, infiniplex_forest_lined_3,
          infiniplex_forest_lined_2, infiniplex_forest_clump_C,
          infiniplex_forest_straight_4, infiniplex_forest_lined_2
Lair:2:   lemuel_slime, layout_hall_layers, palyth_hydra_swamp_entry,
          minmay_snake_entry_six_corridors
Lair:3:   layout_gridlike, st_stairs_10
Orc:1:    layout_caves, basic_altar, uniq_maurice

Skill      XL: |  1  2  3  4  5  6  7  8  9 10 11 12 13 |
---------------+----------------------------------------+-----
Axes           | 5 6 9 10 12 14 15 17 20 21 | 21.6
Evocations     | 2 6 7 9 |  9.8
Throwing       | 5 6 |  6.0
Fighting       | 4 8 9 |  9.0
Dodging        | 2 3 |  3.9
Armour         | 3 5 |  5.2

Action                     |  1- 3 |  4- 6 |  7- 9 | 10-12 | 13-15 || total
---------------------------+-------+-------+-------+-------+-------++-------
  Melee: Hand axe          |    89 |    11 |       |       |       ||   100
         Executioner's axe |       |    46 |   202 |   460 |   174 ||   882
  Throw: Boomerang         |       |     3 |     2 |    10 |       ||    15
         Dart              |       |     2 |       |    15 |       ||    17
 Invoke: Berserk           |       |     2 |     4 |    12 |     1 ||    19
         Brothers in Arms  |       |       |       |       |     1 ||     1
  Evoke: Wand              |       |       |     1 |     8 |     6 ||    15
    Use: Scroll            |       |       |       |    12 |       ||    12
         Potion            |       |       |       |     3 |       ||     3
   Stab: Sleeping          |     1 |     1 |       |       |       ||     2
 Armour: Animal skin       |    43 |    43 |     7 |       |       ||    93
         Leather armour    |       |       |    70 |       |       ||    70
         Plate armour      |       |       |    47 |       |       ||    47
         Steam dragon scal |       |       |    26 |   122 |       ||   148
         Ring mail         |       |       |       |   242 |   115 ||   357
         Skin              |       |       |       |     3 |       ||     3
  Dodge: Dodged            |    44 |    28 |    83 |   217 |    85 ||   457
